 Dungeon Crawl Stone Soup version 0.30-a0-1059-g7dea3e163d (console) character file.

Game seed: 5951580335909097620

41827 Ignak the Fighter (level 14, 0/144 HPs)
             Began as an Ogre Hedge Wizard on Apr 12, 2023.
             Was a High Priest of Okawaru.
             Slain by a titanic slime creature (72 damage)
             ... in an ice cave.
             The game lasted 01:10:06 (23864 turns).

Ignak the Fighter (Ogre Hedge Wizard)              Turns: 23864, Time: 01:10:07

Health: 0/144      AC: 14    Str: 22    XL:     14   Next: 17%
Magic:  1/27       EV: 12    Int: 17    God:    Okawaru [*****.]
Gold:   1239       SH:  5    Dex:  8    Spells: 9/31 levels left

rFire   + . .      SeeInvis .    b - +4 giant club "Boolucop" {holy, Str+3}
rCold   + . .      Faith    .    (shield currently unavailable)
rNeg    + . .      Spirit   .    j - +4 troll leather armour
rPois   +          Reflect  +    g - +2 hat
rElec   .          Rampage  .    T - +0 cloak {rC+}
rCorr   .                        (gloves unavailable)
Will    ++...                    (boots unavailable)
Stlth   +++                      e - amulet of reflection
HPRegen 1.24/turn                i - ring "Tyottutywk" {Wiz Fly rPois Will+}
MPRegen 0.20/turn                O - ring of Moral Flaws {rF+ rN+}

@: heroic, flying, studying Maces & Flails
A: large, unfitting armour, tough skin 1
a: Renounce Religion, Heroism, Finesse, Duel


You were in an ice cave.
You worshipped Okawaru.
Okawaru was extremely pleased with you.
You visited 4 branches of the dungeon, and saw 19 of its levels.
You also visited: Ice Cave.

You collected 2851 gold pieces.
You spent 1612 gold pieces at shops.

Inventory:

Hand Weapons
 a - the +7 mace of the Common Good {spect, Str+3}
   (You found it on level 3 of the Dungeon)

   Str:       It affects your strength (+3).
 b - the +4 giant club "Boolucop" (weapon) {holy, Str+3}
   (Okawaru gifted it to you on level 2 of the Orcish Mines)

   Str:       It affects your strength (+3).
 h - a +0 giant spiked club of flaming
 E - a +0 giant spiked club of draining
Missiles
 t - 45 poisoned darts
 F - 24 large rocks (quivered)
 R - 4 throwing nets
Armour
 g - a +2 hat (worn)
 j - a +4 troll leather armour (worn)
 x - a +2 kite shield of cold resistance
 P - the +2 robe of the Sun {MP+9 Str+3 Int-3 Slay+5}
   (You bought it in a shop on level 9 of the Dungeon)

   Str:       It affects your strength (+3).
   Int:       It affects your intelligence (-3).
   Slay:      It affects your accuracy & damage with ranged weapons and melee
   (+5).
   MP:        It affects your magic capacity (+9).
 Q - a +2 robe of the Archmagi
 T - a +0 cloak of cold resistance (worn)
Magical Staves
 H - the staff of death "Okuxuel" {rC+ rN+ SInv}
   (You found it on level 8 of the Dungeon)

   [staff of death]

   Base accuracy: +5 Base damage: 5 Base attack delay: 1.2 This weapon's minimum
   attack delay (0.6) is reached at skill level 12.
   rC:        It protects you from cold.
   rN:        It protects you from negative energy.
   SInv:      It lets you see invisible.
   It falls into the 'Staves' category.
   It is a one-handed weapon.
 N - the staff of cold "Kivousop" {rF+ rC+ rCorr Str+8 Dex-4}
   (You found it on level 8 of the Dungeon)

   [staff of cold]

   Base accuracy: +5 Base damage: 5 Base attack delay: 1.2 This weapon's minimum
   attack delay (0.6) is reached at skill level 12.
   Str:       It affects your strength (+8).
   Dex:       It affects your dexterity (-4).
   rF:        It protects you from fire.
   rC:        It protects you from cold.
   rCorr:     It protects you from acid and corrosion.
   It falls into the 'Staves' category.
   It is a one-handed weapon.
Jewellery
 e - an amulet of reflection (around neck)
 i - the ring "Tyottutywk" (left hand) {Wiz Fly rPois Will+}
   (You bought it in a shop on level 1 of the Orcish Mines)

   [ring of wizardry]

   It improves your spell success rate.
   rPois:     It protects you from poison.
   Fly:       It grants you flight.
   Will:      It increases your willpower.
 L - a ring of ice
 O - the ring of Moral Flaws (right hand) {rF+ rN+}
   (You bought it in a shop on level 9 of the Dungeon)

   [ring of positive energy]

   rF:        It protects you from fire.
   rN:        It protects you from negative energy.
Wands
 u - a wand of flame (22)
 y - a wand of roots (9)
 B - a wand of digging (1)
 J - a wand of mindburst (13)
 U - a wand of paralysis (1)
Scrolls
 f - 3 scrolls of immolation
 k - 2 scrolls of vulnerability
 l - a scroll of torment
 r - 2 scrolls of poison
 s - 4 scrolls of teleportation
 C - 4 scrolls of amnesia
 G - 2 scrolls of fear
 I - a scroll of fog
 K - a scroll of identify
Potions
 c - 2 potions of might
 d - 2 potions of magic
 m - 7 potions of heal wounds
 n - 9 potions of curing
 o - a potion of mutation
 p - 2 potions of ambrosia
 q - 2 potions of brilliance {unknown}
 v - a potion of invisibility
 w - 3 potions of haste {unknown}
 z - 2 potions of berserk rage
 A - a potion of attraction {unknown}
 M - 6 potions of lignification {unknown}
 S - a potion of resistance {unknown}
 W - 2 potions of cancellation {unknown}


   Skills:
 + Level 10.4(15.4) Fighting
 - Level 0.8(11.5) Axes
 - Level 9.5(14.6) Maces & Flails
 - Level 4.0(9.0) Armour
 - Level 7.2(12.2) Dodging
 - Level 1.5(6.5) Stealth
 - Level 3.4(8.4) Shields
 - Level 9.4 Spellcasting
 - Level 8.0 Conjurations
 - Level 1.0 Summonings
 - Level 3.1 Translocations
 - Level 7.0 Ice Magic
 - Level 7.0 Air Magic
 * Level 3.2 Earth Magic
 - Level 2.0 Poison Magic
 - Level 9.6 Invocations


You had 9 spell levels left.
You knew the following spells:

 Your Spells              Type           Power      Damage    Failure   Level
a - Magic Dart            Conj           100%       1d8       1%          1
b - Blink                 Tloc           36%        N/A       1%          2
c - Poisonous Vapours     Pois/Air       46%        N/A       1%          2
d - Mephitic Cloud        Conj/Pois/Air  27%        N/A       1%          3
e - Lee's Rapid Deconstr  Erth           9%         3d7*      28%         5
f - Freezing Cloud        Conj/Ice/Air   16%        6-21      6%          5
z - Manifold Assault      Tloc           18%        N/A       11%         4

Your spell library contained the following spells:

 Spells                   Type           Power      Damage    Failure   Level
 Foxfire                  Conj/Fire      84%        2x1d8     1%          1
 Cigotuvi's Dreadful Rot  Necr/Pois/Air  36%        N/A       1%          2
 Lesser Beckoning         Tloc           36%        N/A       1%          2
 Gell's Gravitas          Tloc           18%        N/A       3%          3
 Teleport Other           Tloc           18%        N/A       3%          3
 Slow                     Hex            32%        N/A       4%          1
 Iskenderun's Mystic Bla  Conj/Tloc      26%        2d7       4%          4
 Portal Projectile        Hex/Tloc       26%        N/A       6%          3
 Volatile Blastmotes      Fire/Tloc      26%        2d12      6%          3
 Fulminant Prism          Conj/Hex       10%        3d9       8%          4
 Leda's Liquefaction      Hex/Erth       6%         N/A       21%         4
 Fireball                 Conj/Fire      10%        3d6       21%         5
 Starburst                Conj/Fire      10%        6d5       71%         6
 Plasma Beam              Fire/Air       9%         2x1d22    78%         6
 Storm Form               Tmut/Air       9%         N/A       100%        7
 Call Imp                 Summ           Unusable   N/A       N/A         2
 Call Canine Familiar     Summ           Unusable   N/A       N/A         3

Dungeon Overview and Level Annotations

Branches:
Dungeon (12/15)            Temple (1/1) D:7            Lair (4/5) D:8
 Shoals (0/4) Lair:3       Spider (0/4) Lair:3          Orc (2/2) D:12
    Elf (0/3) Orc:2         IceCv (1/1)
  Slime: Lair:4-5

Altars:
Ashenzari
Dithmenos
Fedhas
Gozag
Hepliaklqana
Kikubaaqudgha
Makhleb
Nemelex Xobeh
Okawaru
Qazlal
Sif Muna
Trog
Vehumet
Yredelemnul
Zin
The Shining One

Shops:
D:9 (*   Orc:1 =   Orc:2 (:[*

Annotations:
D:12 1 transporter
Lair:3 exclusion: obsidian statue IceCv exclusion: ice statue


Innate Abilities, Weirdness & Mutations

You are too large for most types of armour.
You have tough skin. (AC +1)


Message History

The slime creature is engulfed in freezing vapours.
Unknown command.
You gain the combat prowess of a mighty hero.
The ice beast hits you but does no damage.
The titanic slime creature is engulfed in freezing vapours.
A titanic slime creature splits.
The slime creature is engulfed in freezing vapours.
Two slime creatures merge to form an enormous slime creature.
Unknown command.
You thump the enormous slime creature!
The enormous slime creature is moderately wounded.
The ice beast barely misses you.
The slime creature is engulfed in freezing vapours.
Two slime creatures merge to form a titanic slime creature.
Unknown command.
You hit the large slime creature.
The large slime creature is moderately wounded.
The large slime creature closely misses you.
The titanic slime creature is engulfed in freezing vapours.
The titanic slime creature hits you but does no damage.
The slime creature is engulfed in freezing vapours.
The ice beast barely misses you.
The slime creature is engulfed in freezing vapours.
The large slime creature barely misses you.
The titanic slime creature is engulfed in freezing vapours.
The slime creature is engulfed in freezing vapours. x2
You bludgeon the large slime creature!!
The large slime creature is moderately wounded.
A large slime creature splits.
The slime creature is engulfed in freezing vapours.
Two slime creatures merge to form a large slime creature.
The titanic slime creature hits you!!!
Unknown command.
You bludgeon the slime creature!!
The slime creature is almost dead.
The slime creature hits you.
Two slime creatures merge to form a very large slime creature.
The titanic slime creature hits you!!!!
Ouch! That really hurt!
You die...

#......##..#..##
#...#...##.##..#
#...##..##..#..#
#..###..##..##.###
##..#
##..#...#..##
#..## #..##..#....
#..# ##..##..#..##
#..# #...#..##.###
#J@####..##..#..#
#JJ##....#..##..#
##Y.##...##..##.##
#.☼°##...#.[.#..#
##°°☼##..##[.##..#
#.°..##..##.##..##
#....##..####...#
#...###...##...##
#...## #....#..##


You could see a titanic slime creature, a very large slime creature, a slime
creature and an ice beast (summoned).

Vanquished Creatures
  An orc warlord (Orc:1)
  A hydra (D:8)
  Erolcha (Orc:1)
  Sonja (Orc:1)
  Nergalle (Orc:1)
  4 orc knights (Orc:2)
  2 manticores (D:11)
  6 cyclopes
  5 orc sorcerers (Orc:2)
  2 ugly things (D:7)
  3 black mambas (Lair:1)
  An ice statue (IceCv)
  2 rime drakes
  2 cane toads (Lair:1)
  2 unseen horrors (D:8)
  3 kobold demonologists
  5 komodo dragons
  2 polar bears (Lair:1)
  4 trolls
  Prince Ribbit (D:6)
  Grinder (D:4)
  5 blink frogs (Lair:2)
  2 jumping spiders (Lair:3)
  2 culicivoras (Lair:3)
  18 slime creatures
  A vampire (D:9)
  Sigmund (D:5)
  3 wyverns
  3 wraiths
  20 yaks
  A shadow (D:8)
  4 basilisks
  A steam dragon (D:8)
  2 vampire mosquitoes (D:12)
  3 redbacks (Lair:3)
  Menkaure (D:4)
  2 wargs
  4 acid dragons
  25 water moccasins
  25 orc warriors
  A swamp drake (Lair:2)
  Duvessa (D:6)
  4 great orb of eyes simulacra (IceCv)
  4 black bears
  An ice beast (D:7)
  2 sky beasts (D:6)
  6 ogres
  15 centaurs
  3 slime creature simulacra (IceCv)
  2 phantoms
  6 kobold brigands
  18 bullfrogs
  A gnoll sergeant (D:12)
  4 scorpions
  2 glowing shapeshifter simulacra (IceCv)
  2 wights
  Dowan (D:6)
  5 killer bees
  15 howler monkeys
  3 electric eels
  A vampire bat (D:3)
  3 hounds
  3 jellies
  17 orc priests
  A gnoll bouda (D:8)
  A sleepcap (D:7)
  2 iguanas (D:4)
  18 orc wizards
  A shapeshifter simulacrum (IceCv)
  9 gnolls
  27 adders
  3 shadow imps
  15 white imps
  2 worms (D:4)
  2 dart slugs
  3 fire bats (D:3)
  53 orcs
  A spectral bat (D:3)
  4 ball pythons
  11 bats
  A bat simulacrum (D:3)
  3 bat skeletons (D:3)
  A bat zombie (D:3)
  9 endoplasms
  3 giant cockroaches
  10 goblins
  4 hobgoblins
  21 kobolds
  2 quokkas
  4 frilled lizards
  5 rats
  A butterfly (D:7)
510 creatures vanquished.

Vanquished Creatures (collateral kills)
  An iguana (D:6)
  2 adders (D:3)
  A worm (D:3)
  2 dart slugs (D:1)
  A spectral bat (D:3)
  2 ball pythons
  2 endoplasms
  A goblin (D:2)
  A quokka (D:1)
  5 bats
18 creatures vanquished.

Vanquished Creatures (others)
  68 fungi
  64 plants
  A withered plant (D:5)
133 creatures vanquished.

Grand Total: 661 creatures vanquished

Notes
Turn   | Place    | Note
-------+----------+-------------------------------------------
     0 | D:1      | Ignak the Ogre Hedge Wizard began the quest for the Orb.
     0 | D:1      | Reached XP level 1. HP: 16/16 MP: 5/5
    63 | D:1      | Reached skill level 1 in Translocations
    68 | D:1      | Reached skill level 1 in Conjurations
    68 | D:1      | Reached skill level 1 in Summonings
   119 | D:1      | Reached XP level 2. HP: 19/24 MP: 2/6
   366 | D:1      | Learned a level 2 spell: Blink
   369 | D:1      | Learned a level 2 spell: Call Imp
   515 | D:1      | Learned a level 2 spell: Poisonous Vapours
   538 | D:1      | Reached XP level 3. HP: 26/32 MP: 5/8
  1774 | D:3      | Reached skill level 1 in Fighting
  1774 | D:3      | Reached skill level 1 in Air Magic
  1774 | D:3      | Reached XP level 4. HP: 35/41 MP: 3/10
  1836 | D:3      | Learned a level 3 spell: Mephitic Cloud
  2399 | D:3      | Reached skill level 1 in Ice Magic
  2475 | D:3      | Identified the +7 mace of the Common Good {spect, Str+3}
  2548 | D:3      | Reached XP level 5. HP: 48/48 MP: 11/11
  2797 | D:3      | Reached skill level 1 in Maces & Flails
  2797 | D:3      | Reached XP level 6. HP: 44/55 MP: 12/12
  3121 | D:4      | Reached skill level 1 in Poison Magic
  3262 | D:4      | Noticed Grinder
  3270 | D:4      | Paralysed by Grinder for 5 turns
  3297 | D:4      | Killed Grinder
  3298 | D:4      | Reached skill level 2 in Fighting
  3298 | D:4      | Reached XP level 7. HP: 57/65 MP: 10/13
  3325 | D:4      | Found a broken altar of Ashenzari.
  3357 | D:4      | Noticed Menkaure
  3375 | D:4      | Killed Menkaure
  3825 | D:5      | Entered Level 5 of the Dungeon
  3919 | D:5      | Found an ancient bone altar of Kikubaaqudgha.
  3961 | D:5      | Reached XP level 8. HP: 74/74 MP: 10/15
  3982 | D:5      | Noticed Sigmund
  3992 | D:5      | Killed Sigmund
  3996 | D:5      | Found a stormy altar of Qazlal.
  3996 | D:5      | Found a burning altar of Makhleb.
  3996 | D:5      | Found a radiant altar of Vehumet.
  4225 | D:5      | Found a glowing silver altar of Zin.
  4258 | D:5      | Found an opulent altar of Gozag.
  4357 | D:5      | Found a basalt altar of Yredelemnul.
  4762 | D:5      | Reached skill level 3 in Fighting
  5119 | D:6      | Reached skill level 5 in Spellcasting
  5745 | D:6      | Noticed Dowan
  5769 | D:6      | Killed Dowan
  5789 | D:6      | Noticed Duvessa
  5791 | D:6      | Reached XP level 9. HP: 60/83 MP: 12/16
  5804 | D:6      | Killed Duvessa
  6388 | D:6      | Reached skill level 4 in Fighting
  6447 | D:6      | Learned a level 5 spell: Freezing Cloud
  6904 | D:7      | Noticed a cyclops
  6905 | D:7      | Noticed a cyclops
  6926 | D:7      | Noticed Prince Ribbit
  7635 | D:6      | Killed Prince Ribbit
  7751 | D:7      | Killed a cyclops
  7752 | D:7      | Reached skill level 5 in Conjurations
  7752 | D:7      | Reached skill level 5 in Air Magic
  7752 | D:7      | Reached XP level 10. HP: 63/94 MP: 14/18
  8044 | D:7      | Killed a cyclops
  8045 | D:7      | Reached skill level 5 in Maces & Flails
  8058 | D:7      | Reached skill level 5 in Ice Magic
  8187 | D:7      | Reached skill level 5 in Fighting
  8287 | D:7      | Identified the +2 spear "Qunkaa" {heavy, rElec Str-3 Int+5}
  8888 | D:7      | Found a staircase to the Ecumenical Temple.
  8999 | D:7      | Noticed a cyan ugly thing
  9002 | D:7      | Noticed a brown ugly thing
  9010 | D:7      | Killed a cyan ugly thing
  9020 | D:7      | HP: 3/96 [cyan ugly thing (14)]
  9031 | D:7      | Killed a cyan ugly thing
  9735 | Temple   | Entered the Ecumenical Temple
  9772 | Temple   | Became a worshipper of Warmaster Okawaru
  9834 | D:8      | Reached skill level 1 in Invocations
 10189 | D:7      | Reached skill level 1 in Armour
 10402 | D:8      | Killed an unseen horror
 10402 | D:8      | Reached * piety under Okawaru
 10577 | D:8      | Reached XP level 11. HP: 98/105 MP: 16/20
 10611 | D:8      | Reached skill level 6 in Fighting
 10614 | D:8      | Found a staircase to the Lair.
 10847 | D:8      | Found a large runed translucent door.
 10847 | D:8      | Found a large runed translucent door.
 10904 | D:8      | Identified a scroll of acquirement
 10905 | D:8      | Acquired 1189 gold pieces
 11077 | D:8      | Found a large runed translucent door.
 11077 | D:8      | Found a large runed translucent door.
 11081 | D:8      | Noticed a six-headed hydra
 11084 | D:8      | Noticed a cyclops
 11314 | D:8      | Found the +12 pair of quick blades "Gyre" and "Gimble"
                  | {protect}
 11368 | D:8      | Reached ** piety under Okawaru
 11460 | D:8      | Identified the staff of death "Okuxuel" {rC+ rN+ SInv}
 11755 | D:8      | Killed a six-headed hydra
 11761 | D:8      | Killed a cyclops
 11762 | D:8      | Reached skill level 5 in Dodging
 11884 | D:8      | Identified the staff of cold "Kivousop" {rF+ rC+ rCorr
                  | Str+8 Dex-4}
 11973 | D:9      | Found Amucw's Weapon Emporium.
 12382 | D:9      | Found Fas Wufo's Assorted Antiques.
 12390 | D:9      | Bought a twitching granite ring for 140 gold pieces
 12390 | D:9      | Identified the ring of Moral Flaws {rF+ rN+} (You bought it
                  | in a shop on level 9 of the Dungeon)
 12390 | D:9      | Bought a cyan potion for 25 gold pieces
 12390 | D:9      | Bought a wizard robe for 159 gold pieces
 12390 | D:9      | Identified the +2 robe of the Sun {MP+9 Str+3 Int-3 Slay+5}
                  | (You bought it in a shop on level 9 of the Dungeon)
 12599 | D:9      | Reached *** piety under Okawaru
 12860 | D:10     | Entered Level 10 of the Dungeon
 14134 | D:10     | Reached skill level 7 in Fighting
 14236 | D:10     | Reached **** piety under Okawaru
 14559 | D:10     | Reached skill level 5 in Invocations
 14757 | D:11     | You fall into a shaft and drop 1 floor!
 14794 | D:11     | Reached XP level 12. HP: 109/118 MP: 23/23
 15452 | D:11     | Found an iron altar of Okawaru.
 16091 | D:12     | Reached ***** piety under Okawaru
 16737 | D:12     | Found a transporter.
 16871 | D:12     | Found a staircase to the Orcish Mines.
 17067 | D:12     | Received a gift from Okawaru
 17376 | Orc:1    | Entered Level 1 of the Orcish Mines
 17376 | Orc:1    | Noticed Erolcha
 17564 | Orc:1    | Killed Erolcha
 17671 | Orc:2    | Entered Level 2 of the Orcish Mines
 17917 | Orc:1    | Found a burning altar of Makhleb.
 17971 | Orc:1    | Noticed Sonja
 17972 | Orc:1    | Found Lepnith's Jewellery Shoppe.
 17974 | Orc:1    | Noticed Nergalle
 17976 | Orc:1    | Killed Sonja
 17977 | Orc:1    | Reached skill level 8 in Fighting
 17996 | Orc:1    | HP: 5/111 [poisoned by a spectral orc knight]
 17997 | Orc:1    | HP: 1/111 [poisoned by a spectral orc knight]
 17997 | Orc:1    | Killed Nergalle
 18107 | Orc:1    | Bought the ring "Tyottutywk" {Wiz Fly rPois Will+} for 733
                  | gold pieces
 18353 | Orc:2    | Noticed an orc warlord
 18626 | Orc:1    | HP: 3/117 [orc warlord/+3 battleaxe of freezing (8)]
 18626 | Orc:1    | HP: 1/117 [orc warlord/+3 battleaxe of freezing (2)]
 18773 | Orc:1    | Killed an orc warlord
 18910 | Orc:2    | Reached XP level 13. HP: 99/128 MP: 25/25
 19132 | Orc:2    | Found Vovufuof's Antique Armour Shop.
 19152 | Orc:2    | Identified the +4 giant club "Boolucop" {holy, Str+3}
                  | (Okawaru gifted it to you on level 2 of the Orcish Mines)
 19152 | Orc:2    | Received a gift from Okawaru
 19325 | Orc:2    | Bought an embroidered cloak for 210 gold pieces
 19443 | Orc:2    | Found Meklaod's Antique Weapon Shoppe.
 19573 | Orc:2    | Reached skill level 9 in Fighting
 19598 | Orc:2    | Found Maotaas's Book Emporium.
 19604 | Orc:2    | Bought a faintly glowing quarterstaff for 225 gold pieces
 19604 | Orc:2    | Identified the +2 quarterstaff of Kosue {elec, Fly rC++}
                  | (You bought it in a shop on level 2 of the Orcish Mines)
 19657 | Orc:2    | Found a staircase to the Elven Halls.
 19680 | Orc:2    | Found Ytimujoj's General Store.
 19688 | Orc:2    | Bought a potion of mutation for 120 gold pieces
 20310 | Lair:1   | Entered Level 1 of the Lair of Beasts
 20408 | Lair:1   | Learned a level 4 spell: Manifold Assault
 20680 | Lair:1   | Received a gift from Okawaru
 21113 | Lair:1   | Reached skill level 1 in Shields
 22194 | Lair:3   | Found a hole to the Spider Nest.
 22479 | Lair:3   | Reached XP level 14. HP: 141/141 MP: 27/27
 22703 | Lair:3   | Found a staircase to the Shoals.
 22777 | Lair:3   | Learned a level 5 spell: Lee's Rapid Deconstruction
 23044 | Lair:3   | Reached skill level 1 in Earth Magic
 23181 | Lair:4   | Found a frozen archway.
 23219 | IceCv    | Entered an ice cave
 23302 | IceCv    | Reached skill level 10 in Fighting
 23864 | IceCv    | Slain by a titanic slime creature

Illustrated notes

Levels and vault maps discovered:
D:1:      lemuel_arrival_broad_hall, layout_loops_ring, minmay_vboxes
D:2:      layout_basic, kennysheep_generic_room_7
D:3:      layout_loops_ring, goddamned_bats
D:4:      layout_rooms, evilmike_ruin_ashenzari, uniq_grinder, uniq_menkaure
D:5:      layout_basic, pdpol_temple_overflow_zin_treasury_gozag_greed,
          kiku_gazebo_garden_becter, nicolae_overflow_crystal_walls,
          chequers_temple_overflow_statue_of_worship, uniq_sigmund
D:6:      layout_layer_cave, uniq_duvessa
D:7:      layout_basic, minmay_temple_entry_butterflies,
          minmay_shattered_shrine, uniq_prince_ribbit1
D:8:      layout_cave_pools, due_lair_maze_entry_diamond,
          minmay_hollow_rounded_squares
D:9:      layout_long_grid, serial_shops,
          nicolae_shop_competitors_out_of_business, nicolae_square_shop
D:10:     layout_stronghold, enter_bailey_4, amcnicky_mini_corridor_feature,
          minmay_fractal_squares_diagonal_5
D:11:     layout_cave_pools, okawaru_ov_weapons_minmay
D:12:     layout_gridville, orc_0_dummy, nicolae_diode_basic
Temple:   jpeg_temple_clearing
Lair:1:   layout_long_grid, serial_bayou_pond_c, small_statue_intersection,
          wad_woods_road_05
Lair:2:   lemuel_reptile_caves, layout_chaotic_city
Lair:3:   statuecave_lemuel, layout_regular_city, minmay_shoals_entry_centaurs,
          nicolae_spider_entry_tight_spaces, st_stairs_5,
          infiniplex_staircase_pool_2
Lair:4:   layout_roguey, portal_ice_cave_entry_imps, uniq_kirke
Orc:1:    cheibrodos_orc_arena, layout_diamond_mine, serial_shops,
          nicolae_shop_crystal, bloody_makhleb, uniq_erica, uniq_erolcha,
          uniq_nergalle, uniq_sonja
Orc:2:    grunt_orc_gardens, layout_caves, grunt_orc_garden, grunt_orc_garden,
          grunt_orc_garden, grunt_orc_garden
IceCv:    ice_cave_hellmonk_azure_passage

Skill      XL: |  1  2  3  4  5  6  7  8  9 10 11 12 13 14 |
---------------+-------------------------------------------+-----
Translocations | 1 2 3 |  3.1
Conjurations   | 1 2 3 4 5 6 7 8 |  8.0
Summonings     | 1 |  1.0
Dodging        | 2 3 4 5 6 7 |  7.2
Fighting       | 1 2 3 4 5 7 8 9 10 | 10.4
Spellcasting   | 4 5 6 7 8 9 |  9.4
Air Magic      | 1 2 3 5 6 7 |  7.0
Ice Magic      | 1 2 3 4 5 6 7 |  7.0
Maces & Flails | 1 2 3 4 5 6 8 9 |  9.5
Poison Magic   | 1 2 |  2.0
Invocations    | 2 5 7 9 |  9.6
Armour         | 1 2 4 |  4.0
Shields        | 3 |  3.4
Earth Magic    | 3 |  3.2
Axes           | |  0.8
Stealth        | |  1.5

Action                     |  1- 3 |  4- 6 |  7- 9 | 10-12 | 13-15 || total
---------------------------+-------+-------+-------+-------+-------++-------
  Melee: Dagger            |    41 |       |       |       |       ||    41
         Hand axe          |   107 |       |       |       |       ||   107
         War axe           |       |    19 |       |       |       ||    19
         Mace              |       |    53 |   168 |   487 |   317 ||  1025
         Punch             |       |     1 |     3 |    14 |       ||    18
         Giant club        |       |       |       |       |   122 ||   122
  Throw: Large rock        |       |       |       |     3 |     2 ||     5
   Cast: Magic Dart        |     3 |       |       |       |       ||     3
         Call Imp          |    10 |    10 |    14 |       |       ||    34
         Poisonous Vapours |     5 |    11 |     2 |    13 |       ||    31
         Mephitic Cloud    |       |     2 |    15 |    39 |     9 ||    65
         Blink             |       |       |     1 |    25 |     3 ||    29
         Freezing Cloud    |       |       |       |    39 |    30 ||    69
         Manifold Assault  |       |       |       |       |     8 ||     8
         Lee's Rapid Decon |       |       |       |       |    11 ||    11
 Invoke: Heroism           |       |       |       |     5 |     3 ||     8
         Finesse           |       |       |       |     1 |       ||     1
  Evoke: Wand              |       |       |     3 |     4 |       ||     7
    Use: Scroll            |       |     4 |     7 |    12 |     8 ||    31
         Potion            |       |     2 |       |     1 |     1 ||     4
   Stab: Sleeping          |     2 |       |       |     2 |     1 ||     5
         Distracted        |     1 |       |       |     5 |     2 ||     8
         Confused          |       |       |     2 |     6 |     6 ||    14
 Armour: Robe              |    89 |    53 |    44 |    63 |       ||   249
         Acid dragon scale |       |       |       |    61 |       ||    61
         Troll leather arm |       |       |       |    39 |   101 ||   140
  Dodge: Dodged            |   110 |    43 |    68 |   220 |   160 ||   601
  Block: Other             |       |     4 |    26 |   115 |    41 ||   186
         Reflection        |       |       |     1 |     7 |    15 ||    23
         Kite shield       |       |       |       |       |   168 ||   168

Table legend: (Time is in decaauts)
 A = Elapsed time spent in this place.
 B = Non-inter-level travel time spent in this place.
 C = Inter-level travel time spent in this place.
 D = Time resting spent in this place.
 E = Time spent auto-exploring this place.
 F = Levels seen in this place.
 G = Mean time per level.
                   A        B        C        D        E       F      G
               +--------+--------+--------+--------+--------+-----+--------+
         Total |  24049 |  23562 |    487 |   5957 |  11288 |  20 | 1202.4 |
       Dungeon |  17836 |  17469 |    367 |   4683 |   8686 |  12 | 1486.3 |
        Temple |     53 |     37 |     16 |      0 |     26 |   1 |   53.0 |
          Lair |   2935 |   2871 |     64 |    130 |   1834 |   4 |  733.8 |
  Orcish Mines |   2574 |   2535 |     39 |    874 |    726 |   2 | 1287.0 |
      Ice Cave |    648 |    648 |      0 |    270 |     16 |   1 |  648.0 |
               +--------+--------+--------+--------+--------+-----+--------+

Top non-repeatable levels by time:
     D:6: 2942 daAuts
     D:7: 2309 daAuts
     D:8: 1748 daAuts
    D:12: 1745 daAuts
     D:9: 1723 daAuts
    D:10: 1534 daAuts
   Orc:1: 1356 daAuts
     D:3: 1346 daAuts
   Orc:2: 1218 daAuts
     D:5: 1186 daAuts
     D:1: 1140 daAuts
  Lair:1: 1039 daAuts
  Lair:3: 990 daAuts
  Lair:2: 836 daAuts
     D:4: 816 daAuts
